 Dungeon Crawl Stone Soup version 0.31-a0-963-ga325b2283a (webtiles) character file.

Game seed: 6604783749047085263

1576147 Midn8 the Merry Draconian (level 25, 257/257 HPs)
             Began as a White Draconian Artificer on Oct 24, 2023.
             Was an Initiate of Gozag.
             Escaped with the Orb
             ... and 3 runes on Oct 25, 2023!
             The game lasted 03:32:09 (74642 turns).

Midn8 the Merry Draconian (DrAr)                   Turns: 74642, Time: 03:32:10

Health: 257/257    AC: 29    Str: 14    XL:     25   Next: 39%
Magic:  33/33      EV: 28    Int: 16    God:    Gozag
Gold:   3787       SH:  0    Dex: 21    Spells: 19/24 levels left

rFire   + . .        w - +8 triple crossbow "Nang" {flame, rN+}
rCold   + . .        (shield currently unavailable)
rNeg    + + +        (body armour unavailable)
rPois   +            H - +3 hat of Pondering {ponderous, Will+ MP+10 Int+5}
rElec   .            G - +3 cloak of Cice {rN+++ Str-5 Stlth+}
rCorr   .            J - +2 pair of gloves {Str+3}
SInv    .            e - +2 pair of boots of the Distant Future {Rampage}
Will    ++...        N - amulet of regeneration
Stlth   +            h - ring of Atesephe {rPois AC+4 Slay+5}
HPRegen 1.42/turn    I - ring of protection from fire
MPRegen 0.23/turn

%: rampage
@: studying Maces & Flails, bribing [the Dungeon, the Realm of Zot, the Depths],
slow
A: breathe frost, AC +12, unfitting armour, cold resistance 1, cold-blooded,
clumsy 1
0: Orb of Zot
}: 3/15 runes: serpentine, barnacled, silver
a: Breathe Frost, Renounce Religion, Potion Petition, Call Merchant, Bribe
Branch


You escaped.
You worshipped Gozag.
Gozag was most pleased with you.
You visited 9 branches of the dungeon, and saw 47 of its levels.
You visited 1 bazaar.
You also visited: Bailey and Wizlab.

You collected 27285 gold pieces.
You spent 3619 gold pieces at shops.
You paid 19879 gold pieces to Gozag.

Inventory:

Hand Weapons
 a - a +9 longbow of freezing
 b - the +0 arbalest of Annoyance {penet, rElec rC- Str+6 SInv}
   (You found it on level 5 of the Lair of Beasts)

   Str+6:     It affects your strength (+6).
   rC-:       It makes you vulnerable to cold.
   rElec:     It insulates you from electricity.
   SInv:      It lets you see invisible.
 d - the +10 spear of Ceas {drain, rCorr}
   (You found it on level 7 of the Dungeon)

   rCorr:     It protects you from acid and corrosion.
 w - the +8 triple crossbow "Nang" (weapon) {flame, rN+}
   (You acquired it on level 2 of the Shoals)

   rN+:       It protects you from negative energy.
Missiles
 R - 18 throwing nets
Armour
 e - the +2 pair of boots of the Distant Future (worn) {Rampage}
   (You found it on level 5 of the Vaults)

   Rampage:   It bestows one free step when moving towards enemies.
 G - the +3 cloak of Cice (worn) {rN+++ Str-5 Stlth+}
   (You found it in a wizard's laboratory)

   Str-5:     It affects your strength (-5).
   rN+++:     It renders you almost immune to negative energy.
   Stlth+:    It makes you more stealthy.
 H - the +3 hat of Pondering (worn) {ponderous, Will+ MP+10 Int+5}
   (You found it on level 1 of the Elven Halls)

   Int+5:     It affects your intelligence (+5).
   Will+:     It increases your willpower.
   MP+10:     It affects your magic capacity (+10).
 J - a +2 pair of gloves of strength (worn)
Jewellery
 h - the ring of Atesephe (left hand) {rPois AC+4 Slay+5}
   (You found it on level 5 of the Vaults)

   [ring of protection]

   AC+4:      It affects your AC (+4).
   Slay+5:    It affects your accuracy & damage with ranged weapons and melee
   (+5).
   rPois:     It protects you from poison
 I - a ring of protection from fire (right hand)
 L - a +6 ring of dexterity
 N - an amulet of regeneration (around neck)
Wands
 c - a wand of charming (7)
 s - a wand of roots (23)
 x - a wand of polymorph (30)
 z - a wand of mindburst (35)
 E - a wand of flame (107)
 M - a wand of light (17)
 S - a wand of paralysis (32)
 W - a wand of digging (3)
Scrolls
 j - 6 scrolls of enchant weapon
 l - 9 scrolls of fear
 m - 6 scrolls of blinking
 n - 10 scrolls of amnesia
 t - 17 scrolls of teleportation
 u - 6 scrolls of vulnerability
 v - 2 scrolls of silence
 y - 5 scrolls of torment
 A - 8 scrolls of poison
 B - 10 scrolls of fog
 U - 9 scrolls of immolation
 V - 6 scrolls of brand weapon
 Y - 3 scrolls of butterflies
Potions
 f - 5 potions of resistance
 g - 21 potions of curing
 o - 5 potions of cancellation
 p - 4 potions of enlightenment
 r - 10 potions of heal wounds
 C - 9 potions of might
 D - 2 potions of berserk rage
 F - 5 potions of brilliance
 O - 8 potions of haste
 Q - 5 potions of mutation
 T - 5 potions of magic
 X - 13 potions of ambrosia
 Z - 2 potions of invisibility
Miscellaneous
 i - a condenser vane
 q - a phial of floods
 K - a sack of spiders
 P - a phantom mirror


   Skills:
 O Level 27 Fighting
 - Level 8.0 Polearms
 O Level 27 Ranged Weapons
 + Level 20.6 Dodging
 - Level 0.8 Stealth
 - Level 4.0 Transmutations
 - Level 6.0 Ice Magic
 - Level 15.0 Evocations


You had 19 spell levels left.
You knew the following spells:

 Your Spells              Type           Power      Damage    Failure   Level
f - Frozen Ramparts       Ice            38%        1d6       6%          3
s - Wereblood             Tmut           12%        N/A       8%          2

Your spell library contained the following spells:

 Spells                   Type           Power      Damage    Failure   Level
 Ozocubu's Armour         Ice            19%        N/A       6%          3
 Sting                    Tmut/Pois      24%        1d4       11%         1
 Ensorcelled Hibernation  Hex/Ice        18%        N/A       11%         2
 Passwall                 Tmut/Erth      5%         N/A       17%         2
 Hailstorm                Conj/Ice       9%         3d4       22%         3
 Foxfire                  Conj/Fire      0%         2x1d4     26%         1
 Kiss of Death            Conj/Necr      0%         2d5       26%         1
 Slow                     Hex            0%         N/A       26%         1
 Summon Small Mammal      Summ           0%         N/A       26%         1
 Blink                    Tloc           0%         N/A       36%         2
 Cigotuvi's Dreadful Rot  Necr/Pois/Air  0%         N/A       36%         2
 Lesser Beckoning         Tloc           0%         N/A       36%         2
 Momentum Strike          Conj/Tloc      0%         3d8       36%         2
 Poisonous Vapours        Pois/Air       0%         N/A       36%         2
 Searing Ray              Conj           0%         2d4       36%         2
 Sublimation of Blood     Necr           0%         N/A       36%         2
 Ignite Poison            Fire/Tmut/Pois 4%         N/A       41%         3
 Call Canine Familiar     Summ           0%         N/A       58%         3
 Confusing Touch          Hex            0%         N/A       58%         3
 Dazzling Flash           Conj/Hex       0%         N/A       58%         3
 Gell's Gravitas          Tloc           0%         N/A       58%         3
 Inner Flame              Hex/Fire       0%         N/A       58%         3
 Mephitic Cloud           Conj/Pois/Air  0%         N/A       58%         3
 Sigil of Binding         Hex            0%         N/A       58%         3
 Stone Arrow              Conj/Erth      0%         3d7       58%         3
 Summon Guardian Golem    Hex/Summ       0%         N/A       58%         3
 Swiftness                Air            0%         N/A       58%         3
 Teleport Other           Tloc           0%         N/A       58%         3
 Tukima's Dance           Hex            0%         N/A       58%         3
 Vampiric Draining        Necr           0%         2d6       58%         3
 Volatile Blastmotes      Fire/Tloc      0%         2d10      58%         3
 Summon Ice Beast         Ice/Summ       9%         N/A       58%         4
 Petrify                  Tmut/Erth      6%         N/A       73%         4
 Metabolic Englaciation   Hex/Ice        4%         N/A       90%         5
 Anguish                  Hex/Necr       0%         N/A       94%         4
 Brom's Barrelling Bould  Conj/Erth      0%         2d3       94%         4
 Dimensional Bullseye     Hex/Tloc       0%         N/A       94%         4
 Dispel Undead            Necr           0%         3d6       94%         4
 Leda's Liquefaction      Hex/Erth       0%         N/A       94%         4
 Olgreb's Toxic Radiance  Pois           0%         N/A       94%         4
 Passage of Golubria      Tloc           0%         N/A       94%         4
 Sticky Flame             Conj/Fire      0%         2d3       94%         4
 Summon Lightning Spire   Summ/Air       0%         N/A       94%         4
 Vhi's Electric Charge    Tloc/Air       0%         N/A       94%         4
 Freezing Cloud           Conj/Ice/Air   3%         6-21      97%         5
 Irradiate                Conj/Tmut      3%         3d12      97%         5
 Yara's Violent Unravell  Hex/Tmut       3%         3d4       97%         5
 Arcjolt                  Conj/Air       0%         1d10      100%        5
 Fireball                 Conj/Fire      0%         3d3       100%        5
 Iskenderun's Battlesphe  Conj           0%         2d6       100%        5
 Lee's Rapid Deconstruct  Erth           0%         3d4*      100%        5
 Summon Mana Viper        Hex/Summ       0%         N/A       100%        5
 Conjure Ball Lightning   Conj/Air       0%         3x3d6     100%        6
 Dispersal                Tloc           0%         N/A       100%        6
 Eringya's Noxious Bog    Tmut/Pois      3%         4d6       100%        6
 Plasma Beam              Fire/Air       0%         2x1d10    100%        6
 Starburst                Conj/Fire      0%         6d3       100%        6
 Haunt                    Necr/Summ      0%         N/A       100%        7
 Malign Gateway           Summ/Tloc      0%         N/A       100%        7
 Orb of Destruction       Conj           0%         9d5       100%        7
 Summon Hydra             Summ           0%         N/A       100%        7
 Borgnjor's Revivificati  Necr           0%         N/A       100%        8
 Ignition                 Fire           0%         3d3       100%        8
 Infestation              Necr           0%         N/A       100%        8
 Lehudib's Crystal Spear  Conj/Erth      0%         10d2      100%        8
 Maxwell's Capacitive Co  Air            0%         ∞         100%        8
 Summon Horrible Things   Summ           0%         N/A       100%        8
 Death's Door             Necr           0%         N/A       100%        9
 Animate Armour           Summ/Erth      Unusable   N/A       N/A         4
 Animate Dead             Necr           Unusable   N/A       N/A         4
 Simulacrum               Ice/Necr       Unusable   N/A       N/A         6

Dungeon Overview and Level Annotations

Branches:
Dungeon (15/15)            Temple (0/1) D:4            Lair (5/5) D:8
 Shoals (4/4) Lair:2        Snake (4/4) Lair:2        Slime (0/5) Lair:4
    Orc (2/2) D:12            Elf (3/3) Orc:2        Vaults (5/5) D:14
  Crypt (0/3) Vaults:2     Depths (4/4) D:15            Zot (5/5) Depths:4
 Bailey (visited)          WizLab (visited)

Altars:
Cheibriados
Dithmenos
Gozag
Kikubaaqudgha
Qazlal
Sif Muna
Trog
Uskayaw
Vehumet
Xom
Yredelemnul
The Shining One
Jiyva
Lugonu

Shops:
D:4 (?   D:5 (   D:9 ((*=   D:10 [   Orc:1 (   Orc:2 !*[:(   Elf:1 [?(
Elf:2 *   Elf:3 !   Shoals:1 (   Shoals:3 (   Shoals:4 ((:   Snake:4 =:=
Vaults:1 *   Vaults:3 ?

Portals:
Hell: Depths:1 Depths:2 Depths:3 Depths:4
Abyss: Depths:3 Depths:4
Pandemonium: Depths:1 Depths:2
Ziggurat: Depths:2

Annotations:
D:3 1 runed translucent door, Crazy Yiuf
D:13 2 transporters
Shoals:2 Roxanne
Snake:3 3 runed translucent doors, Sundig's ghost, adept GnFi
Elf:1 3 runed translucent doors, Qoro's ghost, adept DESu
Elf:2 5 runed translucent doors
Depths:2 1 runed translucent door
Depths:3 2 transporters
Zot:3 1 transporter


Innate Abilities, Weirdness & Mutations

You can breathe waves of freezing cold which knock back foes.
Your icy white scales are hard. (AC +12)
You cannot fit into any form of body armour.
Your flesh is cold resistant. (rC+)
You are cold-blooded and may be slowed by cold attacks.
You are clumsy. (Dex -2)


Message History

(P) Snake Pit (M) Slime Pits (O) Orcish Mines (E) Elven Halls (V) Vaults (C) Crypt (U) Depths (H) Hell (Z) Zot
Where to? (Tab/Enter - D:1 @ (x,y), ? - help)
A sixfirhy comes into view.
Your sixfirhy barely misses the sixfirhy.
Your sixfirhy hits the sixfirhy!
Your sixfirhy shocks the sixfirhy.
The sixfirhy completely resists.
Your sixfirhy barely misses the sixfirhy.
Your sixfirhy completely misses something.
Your sixfirhy hits something!
Your sixfirhy shocks something.
Something misses your sixfirhy.
Your sixfirhy closely misses something.
Something completely misses your sixfirhy.
Your hellion gestures next to your sixfirhy.
You hear the wailing of the damned!
You feel a bit more experienced. The damnation engulfs your sixfirhy!!
You hear a grinding noise.
You hear the wailing of the damned!
You feel a bit more experienced.
Your shadow demon grins greedily, jangling a coin purse.
A shadow demon comes into view.
You feel a bit more experienced.
Your shadow demon moves out of view.
There is a stone staircase leading up here.
You climb upwards.
There is a stone staircase leading down here.
(D) Dungeon (T) Temple (L) Lair (A) Shoals (P) Snake Pit (M) Slime Pits (O) Orcish Mines (E) Elven Halls (V) Vaults (C) Crypt (U) Depths (H) Hell (Z) Zot
Where to? (Tab/Enter - D:1 @ (x,y), ? - help)
There is a stone staircase leading up here.
You climb upwards.
There is a stone staircase leading down here.
HP restored.
You enter the shallow water.
Moving in this stuff is going to be slow.
There is a staircase leading out of the dungeon here.
Okay, then.
You can't go down here!
You have escaped!

.........♣.............♣.......##
###.##♣♣♣~♣.....PP....♣~♣♣♣....##
#.#♣...♣~♣...PPPP..♣~♣...♣...##
#.♣.....♣~♣PPPPPPP♣~♣.....♣..##
#.♣......♣~♣PPPPP♣~♣......♣..##
##.♣......P♣~♣PPP♣~♣P......♣....
#..♣......PP♣~♣♣♣~♣PPP.....♣#.##
##.##♣....PPPP♣~~~♣PPPPP...♣.#.##
.#..##♣..PPPPP♣~@~♣PPPPP..♣..#.##
.##.#♣...PPPPP♣~~~♣PPPP....♣.#.##
.##.♣.....PPP♣~♣♣♣~♣PP......♣#.##
.##.♣......P♣~♣PPP♣~♣P......♣#.##
.##.♣......♣~♣PPPPP♣~♣......♣#.##
###.♣.....♣~♣PPPPPPP♣~♣.....♣#.##
# #..♣...♣~♣...PPPP..♣~♣...♣.#.##
# ##..♣♣♣~♣.....PP....♣~♣♣♣..#.##
# ##..##♣.............♣.....#...


There were no monsters in sight!

Vanquished Creatures
  A dread lich (Zot:2)
  An ancient lich (Zot:2)
  An orb of fire (Zot:2)
  Mennas (Depths:3)
  Parghit (Zot:1)
  A Killer Klown (Zot:5)
  Saint Roka (Depths:3)
  Frederick (Vaults:4)
  Xtahua (Depths:3)
  A curse toe (Zot:2)
  Vashnia (Snake:2)
  Jory (Vaults:2)
  Norris (Elf:3)
  9 golden dragons
  the Enchantress (Depths:2)
  3 electric golems
  A Tzitzimitl (Depths:2)
  15 tentacled monstrosities
  2 liches
  An Orb Guardian (Zot:5)
  2 deep elf blademasters (Elf:3)
  2 deep elf master archers (Elf:3)
  7 titans
  A walking frostbound tome (Depths:4)
  2 sphinxes
  9 quicksilver dragons
  Polyphemus (Shoals:2)
  The ghost of Feshunla the Bewitcher, an adept KoEn of Dithmenos (Vaults:3)
  An Executioner (D:13)
  A death cob (Zot:2)
  5 tengu reavers
  Kirke (D:12)
  A nagaraja (Snake:4)
  Aizul (Snake:1)
  2 draconian monks
  8 storm dragons
  12 shadow dragons
  3 deep elf sorcerers (Elf:3)
  Ilsuiw (Shoals:2)
  23 vault wardens
  9 fire giants
  2 draconian knights (Zot:4)
  Louise (Shoals:1)
  14 frost giants
  2 iron dragons
  2 balrugs
  4 ghost moths
  An angel (WizLab)
  4 deep elf elementalists (Elf:3)
  2 draconian scorchers
  6 draconian shifters
  3 draconian stormcallers
  12 ironbound preservers
  A cacodemon (D:15)
  5 war gargoyles
  4 draconian annihilators
  5 spriggan defenders
  4 orc warlords
  13 very ugly things
  12 ironbound thunderhulks
  4 formless jellyfish
  The ghost of Deiv the Fighter, a journeyman MiHu of Gozag (Lair:2)
  6 black draconians
  9 vampire knights
  12 stone giants
  9 green draconians
  7 deep elf annihilators
  11 white draconians
  9 red draconians
  6 deep elf demonologists
  10 dire elephants
  8 yellow draconians
  The ghost of Sesiytys the Covert, a journeyman HuWn of Dithmenos (Lair:3)
  11 purple draconians
  7 spark wasps
  11 ettins
  A crystal guardian (WizLab)
  5 deep elf death magi (Elf:3)
  6 fire dragons
  10 deep elf high priests
  2 merfolk javelineers (Shoals:2)
  9 merfolk impalers
  Josephine (D:12)
  15 yaktaur captains
  3 jiangshi (Depths:4)
  11 hydras
  11 ice dragons
  4 salamander tyrants
  Harold (D:9)
  28 vault guards
  8 great orbs of eyes
  A hydra (shapeshifter) (Depths:4)
  11 ironbound frosthearts
  10 peacekeepers
  An alligator snapping turtle (Shoals:1)
  6 rakshasas
  2 catoblepae
  A merfolk avatar (Shoals:4)
  Erica (Lair:2)
  3 ogre magi
  17 two-headed ogres
  9 anacondas
  9 naga warriors
  4 spriggan air magi
  9 merfolk aquamancers
  7 death yaks
  7 deep troll earth magi
  16 dancing weapons
  A satyr (Shoals:3)
  2 tengu warriors
  14 centaur warriors
  10 deep troll shamans
  3 boulder beetles
  A death knight (D:14)
  6 vampire magi
  20 naga sharpshooters
  2 occultists
  5 orc high priests
  9 shock serpents
  6 spriggan berserkers
  4 skysharks
  2 sun demons
  16 deep elf knights
  A soul eater (Depths:4)
  Amaemon (Lair:1)
  12 hell knights
  3 sixfirhies
  6 shadow wraiths (Depths:2)
  5 salamander mystics
  2 iron trolls
  3 skeletal warriors
  A goliath frog (shapeshifter) (Zot:2)
  3 glowing orange brains
  48 deep trolls
  3 flayed ghosts
  A death drake (shapeshifter) (Depths:2)
  8 naga ritualists
  11 sea snakes
  20 deep elf archers
  5 shadow demons
  22 ironbound convokers
  6 arcanists
  15 orc knights
  9 phantasmal warriors
  10 lindwurms
  8 necromancers
  30 harpies
  12 mana vipers
  A golden dragon skeleton (Depths:3)
  32 deep elf pyromancers
  27 ugly things
  18 deep elf zephyrmancers
  4 orc sorcerers (Orc:2)
  2 oklob plants (Lair:1)
  14 manticores
  A cyclops (shapeshifter) (Vaults:5)
  8 fauns
  A stone giant zombie (Vaults:1)
  4 elephants
  11 cyclopes
  Maurice (D:12)
  9 merfolk sirens
  19 moths of wrath
  24 salamanders
  22 vault sentinels
  An ice statue (D:15)
  A titan simulacrum (Depths:3)
  7 molten gargoyles
  8 guardian serpents
  A smoke demon (Depths:3)
  4 water nymphs
  Maggie (D:6)
  47 black mambas
  15 naga magi
  10 gargoyles
  2 torpor snails
  An orange demon (Lair:1)
  16 cane toads
  A kobold demonologist (D:12)
  An unseen horror (D:13)
  2 rime drakes
  3 hellions
  19 komodo dragons
  An efreet (D:14)
  25 yaktaurs
  An ice devil (D:15)
  5 tengu conjurers
  8 trolls
  A meliai (Lair:3)
  42 merfolk
  A glass eye (shapeshifter) (Vaults:5)
  3 hornets
  A polar bear (shapeshifter) (D:15)
  6 polar bears
  4 wind drakes
  9 blink frogs
  2 queen bees
  Prince Ribbit (D:6)
  A raiju (Snake:4)
  Grinder (D:3)
  A snapping turtle (shapeshifter) (Depths:2)
  6 dream sheep
  7 snapping turtles
  28 slime creatures
  2 centaur simulacra
  A ynoxinul (Depths:2)
  A spriggan (shapeshifter) (D:14)
  3 air elementals
  9 water elementals
  8 wraiths
  59 yaks
  6 wyverns
  4 humans (Lair:4)
  4 fire elementals
  A hog (D:12)
  A hog (shapeshifter) (D:14)
  2 spriggans
  3 steam dragons (Lair:5)
  7 basilisks
  A redback (shapeshifter) (Vaults:5)
  11 vampire mosquitoes
  A glowing shapeshifter zombie (Depths:3)
  A redback simulacrum (D:14)
  5 wargs
  43 nagas
  An acid dragon (D:12)
  8 hell hounds
  25 water moccasins
  40 orc warriors
  A black bear (shapeshifter) (D:15)
  10 ice beasts
  3 sky beasts
  6 black bears
  8 ogres
  3 boggarts (Vaults:2)
  15 centaurs
  2 wolves
  Blork the orc (D:6)
  A kobold brigand (D:9)
  2 human zombies (Vaults:1)
  15 bullfrogs
  4 gnoll sergeants (D:10)
  3 scorpions
  5 earth elementals
  An ogre simulacrum (Vaults:1)
  33 killer bees
  5 electric eels
  5 howler monkeys
  4 lava snakes (Lair:5)
  10 hounds
  A jelly (D:7)
  28 orc priests
  3 gnoll boudas
  A sleepcap (D:6)
  Ijyb (D:3)
  Terence (D:3)
  4 hell rats (Lair:3)
  2 lightning spires (WizLab)
  30 orc wizards
  A boggart simulacrum (D:15)
  43 gnolls
  7 adders
  A shadow imp (D:6)
  3 white imps (D:15)
  4 ufetubi
  2 worms
  4 dart slugs
  84 orcs
  10 endoplasms
  2 giant cockroaches
  7 goblins
  6 hobgoblins
  2 jackals (D:10)
  11 kobolds
  A quokka (D:4)
  7 ball pythons
  4 bats
  A frilled lizard (D:3)
  4 rats
2083 creatures vanquished.

Vanquished Creatures (collateral kills)
  Sojobo (Depths:4)
  2 electric golems (Zot:5)
  A hellephant (D:4)
  An Orb Guardian (Zot:5)
  A pandemonium lord (Zot:5)
  Agnes (Snake:1)
  A ghost moth (Zot:5)
  A fire dragon (Depths:4)
  A hydra (Zot:5)
  A soul eater (Zot:5)
  A naga sharpshooter (Snake:4)
  2 sixfirhies (D:3)
  A shadow demon (Zot:5)
  A moth of wrath (Zot:5)
  3 salamanders
  A naga mage (Snake:2)
  2 black mambas
  A red devil (Zot:5)
  A naga (Snake:4)
  A hell hound (Zot:1)
  An ufetubus (Zot:5)
26 creatures vanquished.

Vanquished Creatures (others)
  An ancient lich (Zot:3)
  3 Killer Klowns (Zot:5)
  A curse toe (Zot:5)
  A pandemonium lord (Zot:5)
  A golden dragon (Zot:5)
  15 Orb Guardians (Zot:5)
  An Executioner (Zot:5)
  A dire elephant (Vaults:2)
  A yellow draconian (Zot:5)
  A blizzard demon (Zot:5)
  A vault guard (Vaults:5)
  A shock serpent (Snake:4)
  A sixfirhy (D:3)
  A deep elf zephyrmancer (Elf:3)
  A cane toad (Lair:2)
  A hellion (D:3)
  A yaktaur (Vaults:2)
  A yak (D:12)
  5 humans (D:12)
  A chaos spawn (Zot:5)
  An orc priest (D:12)
  2 orcs (D:12)
43 creatures vanquished.

Grand Total: 2152 creatures vanquished

Notes
Turn   | Place    | Note
-------+----------+-------------------------------------------
     0 | D:1      | Midn8 the Draconian Artificer began the quest for the Orb.
     0 | D:1      | Reached XP level 1. HP: 16/16 MP: 1/1
    80 | D:1      | Reached skill level 1 in Ranged Weapons
   104 | D:1      | Reached XP level 2. HP: 23/23 MP: 2/2
  1181 | D:2      | Reached XP level 3. HP: 25/28 MP: 3/3
  1397 | D:2      | Found a stormy altar of Qazlal.
  1687 | D:3      | Reached XP level 4. HP: 12/35 MP: 4/4
  2108 | D:3      | Noticed Grinder
  2128 | D:3      | Killed Grinder
  2129 | D:3      | Reached skill level 5 in Ranged Weapons
  2129 | D:3      | Reached XP level 5. HP: 16/40 MP: 1/5
  2129 | D:3      | Reached XP level 6. HP: 19/47 MP: 1/6
  2336 | D:3      | Found a runed translucent door.
  2337 | D:3      | Noticed Crazy Yiuf
  2384 | D:3      | Noticed Ijyb
  2419 | D:3      | Killed Ijyb
  2522 | D:3      | Noticed Terence
  2617 | D:3      | Killed Terence
  2690 | D:3      | Found an opulent altar of Gozag.
  2694 | D:3      | Became a worshipper of Gozag Ym Sagoz the Greedy
  3608 | D:4      | Your scales start taking on an icy white colour.
  3608 | D:4      | Reached XP level 7. HP: 18/57 MP: 3/7
  3608 | D:4      | Gained mutation: Your flesh is cold resistant. (rC+) [White
                  | Draconian growth]
  3844 | D:4      | Found Zeiph's Magic Scroll Emporium.
  3848 | D:4      | Bought a scroll of identify for 26 gold pieces
  3848 | D:4      | Bought 3 scrolls of fear for 156 gold pieces
  4351 | D:4      | Found Iseill's Weapon Shoppe.
  4383 | D:4      | Found a staircase to the Ecumenical Temple.
  4639 | D:5      | Entered Level 5 of the Dungeon
  4815 | D:4      | Bought 3 scrolls of teleportation for 117 gold pieces
  4936 | D:5      | Found Usis's Weapon Shoppe.
  5420 | D:6      | Noticed Prince Ribbit
  5490 | D:6      | Killed Prince Ribbit
  5491 | D:6      | Reached XP level 8. HP: 66/66 MP: 8/8
  5774 | D:6      | Found a glowing golden altar of the Shining One.
  5775 | D:6      | Noticed Blork the orc
  5797 | D:6      | Killed Blork the orc
  5950 | D:6      | Found a basalt altar of Yredelemnul.
  6014 | D:6      | Noticed Maggie
  6282 | D:6      | Found a shimmering altar of Xom.
  6481 | D:7      | Found a flagged portal.
  6491 | D:7      | Identified the +10 spear of Ceas {drain, rCorr}
  6495 | Bailey   | Entered a bailey
  6529 | Bailey   | Reached skill level 5 in Evocations
  6529 | Bailey   | Reached skill level 1 in Polearms
  7154 | D:7      | Reached XP level 9. HP: 71/71 MP: 9/9
  7178 | D:7      | HP: 3/72 [poisoned by a killer bee]
  7538 | D:7      | Found a bloodstained altar of Trog.
  7610 | D:7      | Reached skill level 5 in Fighting
  8355 | D:6      | Killed Maggie
  8356 | D:6      | Reached skill level 5 in Polearms
  8746 | D:8      | Noticed a komodo dragon
  8770 | D:8      | Killed a komodo dragon
  8821 | D:8      | Reached XP level 10. HP: 69/84 MP: 10/10
  9034 | D:8      | Found a staircase to the Lair.
  9034 | D:8      | Noticed an elephant
  9049 | D:8      | Killed an elephant
  9829 | D:8      | Found a snail-covered altar of Cheibriados.
  9906 | D:9      | Noticed a two-headed ogre
 10003 | D:9      | Killed a two-headed ogre
 10004 | D:9      | Reached skill level 10 in Ranged Weapons
 10102 | D:9      | Found Liuc's Weapon Shoppe.
 10111 | D:9      | Found Humaonn's Weapon Shop.
 10245 | D:9      | Noticed a manticore
 10245 | D:9      | Noticed a skeletal warrior
 10331 | Lair:1   | Identified the "Guqenakeir"
 10331 | Lair:1   | Entered Level 1 of the Lair of Beasts
 10427 | Lair:1   | Noticed a cane toad
 10437 | Lair:1   | Killed a cane toad
 10706 | Lair:1   | Reached XP level 11. HP: 80/94 MP: 11/11
 10776 | Lair:1   | Noticed Amaemon
 10830 | Lair:1   | Killed Amaemon
 11431 | D:9      | Bought a +2 antimagic orcbow for 247 gold pieces
 11971 | D:4      | Bought a scroll of fog for 52 gold pieces
 11971 | D:4      | Bought a scroll of enchant armour for 97 gold pieces
 12269 | Lair:1   | Noticed an oklob plant
 12526 | Lair:1   | Killed an oklob plant
 12527 | Lair:1   | Reached skill level 5 in Dodging
 12659 | Lair:1   | Noticed an oklob plant
 13216 | Lair:1   | Killed an oklob plant
 13984 | Lair:2   | Found a staircase to the Snake Pit.
 14466 | Lair:2   | Reached skill level 10 in Fighting
 14505 | Lair:2   | Reached XP level 12. HP: 42/106 MP: 3/12
 14769 | Lair:2   | Noticed an eight-headed hydra
 14781 | Lair:2   | Killed an eight-headed hydra
 15057 | Lair:2   | Found a staircase to the Shoals.
 15458 | Lair:2   | Found an opulent altar of Gozag.
 16000 | Lair:2   | Noticed Erica
 16020 | Lair:2   | Killed Erica
 16266 | Lair:2   | Noticed a seven-headed hydra
 16278 | Lair:2   | Found a runed translucent door.
 16281 | Lair:2   | Noticed Deiv's ghost (journeyman MiHu)
 16515 | Lair:2   | Killed a seven-headed hydra
 16996 | Lair:3   | Found a transporter.
 16996 | Lair:3   | Found a transporter.
 16998 | Lair:3   | Noticed Sesiytys's ghost (journeyman HuWn)
 17710 | Lair:4   | Noticed a five-headed hydra
 17714 | Lair:4   | Noticed a five-headed hydra
 17846 | D:9      | Noticed a tengu warrior
 17851 | D:9      | Killed a tengu warrior
 17978 | D:9      | Noticed a centaur warrior
 17986 | D:9      | Killed a centaur warrior
 18202 | D:9      | Noticed a centaur warrior
 18219 | D:9      | Killed a centaur warrior
 18288 | D:9      | Reached XP level 13. HP: 118/118 MP: 7/13
 18602 | D:9      | Found Wihe Unk's General Store.
 18610 | D:9      | Bought 2 potions of enlightenment for 100 gold pieces
 18610 | D:9      | Bought a potion of invisibility for 80 gold pieces
 18862 | D:9      | Learned a level 2 spell: Wereblood
 18882 | D:9      | Found a stormy altar of Qazlal.
 18884 | D:9      | Noticed Harold
 18899 | D:9      | Killed Harold
 18900 | D:9      | Reached skill level 1 in Transmutations
 19158 | D:9      | Found Firchar's Jewellery Boutique.
 19166 | D:9      | Bought a +5 ring of evasion for 540 gold pieces
 19508 | D:10     | Entered Level 10 of the Dungeon
 19862 | D:10     | Found Paegim's Armour Emporium.
 19987 | D:10     | Bought a +1 pair of boots of stealth for 214 gold pieces
 21061 | Lair:3   | Found a transporter.
 21064 | Lair:3   | Found a transporter.
 21729 | Lair:4   | Identified the -2 pair of gloves of Failure {Dex+7 Stlth-}
 22067 | Lair:4   | Noticed Sonja
 22070 | Lair:4   | Sonja changed into Sonja the worm
 22070 | Lair:4   | Noticed Sonja
 22076 | Lair:4   | Killed Sonja the worm
 22357 | Lair:4   | Found a viscous altar of Jiyva.
 22357 | Lair:4   | Found a staircase to the Slime Pits.
 22544 | Lair:4   | Reached skill level 15 in Ranged Weapons
 23049 | Lair:5   | Entered Level 5 of the Lair of Beasts
 23630 | Lair:5   | Reached XP level 14. HP: 106/126 MP: 3/14
 24941 | Lair:5   | Found a large runed translucent door.
 24941 | Lair:5   | Found a large runed translucent door.
 25724 | Lair:5   | Identified the +0 arbalest of Annoyance {penet, rElec rC-
                  | Str+6 SInv}
 26316 | D:11     | Identified the amulet of the Hungering Realms {Spirit rF+
                  | rCorr Str+2 Int-3}
 26821 | D:11     | Reached skill level 15 in Fighting
 27218 | D:12     | Noticed Maurice
 27235 | D:12     | Killed Maurice
 27364 | D:12     | Learned a level 3 spell: Frozen Ramparts
 27411 | D:12     | Noticed Josephine
 27424 | D:12     | Killed Josephine
 27801 | D:12     | Noticed Kirke
 27833 | D:12     | Killed Kirke
 27896 | D:12     | Found a staircase to the Orcish Mines.
 28983 | D:13     | Found a radiant altar of Vehumet.
 29463 | D:13     | Found a transporter.
 29467 | D:13     | Found a corrupted altar of Lugonu.
 29467 | D:13     | Noticed a cyan very ugly thing
 29678 | D:13     | Reached XP level 15. HP: 144/144 MP: 5/15
 29901 | D:13     | Found a transporter.
 30351 | D:14     | Reached skill level 10 in Dodging
 30840 | D:14     | Found a gate to the Vaults.
 30920 | Orc:1    | Entered Level 1 of the Orcish Mines
 30979 | Orc:1    | Found Goigga Erghae's Weapon Boutique.
 31119 | Orc:2    | Entered Level 2 of the Orcish Mines
 32006 | Orc:2    | Found a staircase to the Elven Halls.
 32739 | Orc:2    | Found Pylouggy's Antique Armour Boutique.
 32740 | Orc:2    | Found Ocuotz's Antique Weapon Shop.
 32741 | Orc:2    | Found Fymic's General Store.
 32741 | Orc:2    | Found Ulush's Book Boutique.
 33239 | Orc:2    | Bought a potion of curing for 51 gold pieces
 33239 | Orc:2    | Bought 2 potions of curing for 102 gold pieces
 33239 | Orc:2    | Bought a potion of haste for 170 gold pieces
 33239 | Orc:2    | Bought a potion of resistance for 170 gold pieces
 33320 | D:15     | Entered Level 15 of the Dungeon
 34651 | D:15     | Reached XP level 16. HP: 159/159 MP: 5/16
 34688 | D:15     | Found a staircase to the Depths.
 35351 | Snake:1  | Entered Level 1 of the Snake Pit
 35446 | Snake:1  | Identified the serpent talisman of Vizxyatzy {Int+4}
 35446 | Snake:1  | Noticed Aizul
 35486 | Snake:1  | Killed Aizul
 35733 | Snake:1  | Noticed Agnes
 35749 | Snake:1  | Killed Agnes
 37943 | Snake:2  | Found a shimmering altar of Xom.
 39263 | Snake:2  | Noticed Vashnia
 39550 | Snake:2  | Killed Vashnia
 40935 | Snake:3  | Reached skill level 1 in Ice Magic
 41151 | Snake:3  | Reached XP level 17. HP: 177/182 MP: 5/17
 41627 | Snake:3  | Reached skill level 5 in Ice Magic
 41992 | Snake:3  | Found a runed translucent gate.
 41993 | Snake:3  | Found a runed translucent gate.
 41994 | Snake:3  | Found a runed translucent gate.
 41995 | Snake:3  | Noticed Sundig's ghost (adept GnFi)
 42621 | Snake:4  | Entered Level 4 of the Snake Pit
 43597 | Snake:4  | Identified the +1 dagger of Omil {drain, *Rage rElec rF+
                  | rC+}
 43874 | Snake:4  | Found Egreur's Jewellery Boutique.
 43875 | Snake:4  | Found Fub Duc's Book Emporium.
 43877 | Snake:4  | Found Nerchix's Jewellery Boutique.
 43993 | Snake:4  | Noticed a quicksilver dragon
 44020 | Snake:4  | Killed a quicksilver dragon
 44145 | Snake:4  | Got a serpentine rune of Zot
 44345 | Snake:4  | Identified the maw talisman of the Trombone {*Slow rF-
                  | Int+8 Slay+2}
 44912 | Shoals:1 | Entered Level 1 of the Shoals
 45301 | Shoals:1 | Noticed Louise
 45315 | Shoals:1 | Killed Louise
 45329 | Shoals:1 | Reached XP level 18. HP: 130/190 MP: 6/18
 45472 | Shoals:1 | Found a bloodstained altar of Trog.
 45841 | Shoals:1 | Reached skill level 10 in Evocations
 45891 | Shoals:1 | Found Qiadituud's Antique Weapon Shop.
 46176 | Shoals:2 | Noticed Ilsuiw
 46390 | Shoals:2 | Identified a scroll of acquirement
 46407 | Shoals:2 | Noticed Roxanne
 46552 | Shoals:2 | Killed Ilsuiw
 46727 | Shoals:2 | Noticed Polyphemus
 46752 | Shoals:2 | Killed Polyphemus
 47144 | Shoals:3 | Found Nutionay's Antique Weapon Shoppe.
 47249 | Shoals:3 | Bought an ivory orcbow for 263 gold pieces
 47249 | Shoals:3 | Identified the +1 orcbow "Gaidot" {speed, Will- Str+5} (You
                  | bought it in a shop on level 3 of the Shoals)
 47455 | Shoals:3 | Identified the +2 hand axe "Arieng" {flame, Str+4}
 47970 | Shoals:4 | Entered Level 4 of the Shoals
 47970 | Shoals:4 | Found Yseism's Weapon Shop.
 48004 | Shoals:4 | Found a flickering gateway to a bazaar.
 48013 | Bazaar   | Entered a bazaar
 48013 | Bazaar   | Found Quiwnipt's Jewellery Shoppe.
 48013 | Bazaar   | Found Zeck's Weapon Emporium.
 48045 | Bazaar   | Found Saguucw's Book Boutique.
 48060 | Bazaar   | Found Tiodghom's Magic Scroll Shop.
 48068 | Bazaar   | Bought a scroll of fear for 48 gold pieces
 48068 | Bazaar   | Bought a scroll of blinking for 90 gold pieces
 48068 | Bazaar   | Bought a scroll of teleportation for 36 gold pieces
 48068 | Bazaar   | Bought a scroll of teleportation for 36 gold pieces
 48068 | Bazaar   | Bought a scroll of teleportation for 36 gold pieces
 48074 | Bazaar   | Found Veull's General Store.
 48518 | Shoals:4 | Found Norpholu's Antique Weapon Shoppe.
 48585 | Shoals:4 | Found the +8 whip "Snakebite" {venom, curare, rPois}
 48794 | Shoals:4 | Identified the +11 short sword of Utreryse {drain, *Rage
                  | rC+ Str+5 Dex+3}
 48890 | Shoals:4 | Got a barnacled rune of Zot
 49016 | Shoals:4 | Found Iruvethry's Book Shoppe.
 49670 | Vaults:1 | Entered Level 1 of the Vaults
 49812 | Vaults:1 | Reached skill level 15 in Dodging
 49989 | Vaults:1 | Reached XP level 19. HP: 155/198 MP: 6/19
 50215 | Vaults:1 | Found Quang's Assorted Antiques.
 50224 | Vaults:1 | Bought a scroll of blinking for 210 gold pieces
 51446 | Vaults:2 | Identified the "Zufucud"
 51480 | Vaults:2 | Noticed Jory
 51637 | Vaults:1 | Acquired the +8 triple crossbow "Nang" {flame, rN+}
 51939 | Vaults:2 | Killed Jory
 52327 | Vaults:2 | Found a staircase to the Crypt.
 52685 | Vaults:2 | Paralysed by a formless jellyfish for 1 turns
 53729 | Vaults:3 | Found a runed translucent door.
 53729 | Vaults:3 | Noticed Feshunla's ghost (adept KoEn)
 53737 | Vaults:3 | Killed Feshunla's ghost
 53908 | Vaults:3 | Reached XP level 20. HP: 206/206 MP: 20/20
 54466 | Vaults:3 | Found Nubipol's Magic Scroll Shop.
 54484 | Vaults:3 | Bought a scroll of fog for 76 gold pieces
 56008 | Vaults:4 | Noticed Frederick
 56022 | Vaults:4 | Killed Frederick
 56412 | Lair:3   | Killed Sesiytys's ghost
 56496 | Lair:2   | Killed Deiv's ghost
 57357 | Vaults:4 | Found the +4 Cigotuvi's embrace {Corpsefed rMiasma Drain
                  | rN+}
 57967 | Crypt:2  | Identified the "Urchuesay"
 57967 | Crypt:2  | Identified the "Seaqix"
 57967 | Crypt:3  | Identified the "Xeikkun"
 57967 | Depths:1 | Identified the of Biatruog
 57967 | Depths:2 | Identified the "Qiungyst"
 57967 | Elf:1    | Entered Level 1 of the Elven Halls
 58413 | Elf:1    | Found a runed translucent gate.
 58414 | Elf:1    | Found a runed translucent gate.
 58417 | Elf:1    | Found a runed translucent gate.
 58529 | Elf:1    | Found Dowayrist's Armour Emporium.
 58534 | Elf:1    | Found Faracixi's Magic Scroll Shoppe.
 58542 | Elf:1    | Bought a scroll of enchant armour for 112 gold pieces
 58548 | Elf:1    | Bought a +1 pair of gloves of strength for 214 gold pieces
 58694 | Elf:1    | Identified the +10 flail "Dowiasch" {freeze, *Rage rF+
                  | rCorr Str+2}
 58695 | Elf:1    | Noticed Qoro's ghost (adept DESu)
 58767 | Elf:1    | Found the +3 hat of Pondering {ponderous, Will+ MP+10
                  | Int+5}
 59307 | Elf:2    | Found an ancient bone altar of Kikubaaqudgha.
 59541 | Elf:2    | Found a huge runed translucent gate.
 59541 | Elf:2    | Found a huge runed translucent gate.
 59541 | Elf:2    | Found a huge runed translucent gate.
 59544 | Elf:2    | Found a huge runed translucent gate.
 59546 | Elf:2    | Found a huge runed translucent gate.
 59644 | Elf:2    | Paralysed by an air elemental for 1 turns
 59714 | Elf:2    | Found Deklualla's General Store.
 59741 | Elf:2    | Bought a scroll of revelation for 112 gold pieces
 59741 | Elf:2    | Bought a potion of enlightenment for 75 gold pieces
 59741 | Elf:2    | Bought a scroll of teleportation for 45 gold pieces
 59781 | Elf:1    | Found a radiant altar of Vehumet.
 60006 | Elf:3    | Identified the "Porovige"
 60006 | Elf:3    | Entered Level 3 of the Elven Halls
 60129 | Elf:3    | Found Nailin's Distillery.
 60136 | Elf:3    | Bought a potion of curing for 48 gold pieces
 60136 | Elf:3    | Bought 2 potions of curing for 96 gold pieces
 60224 | Elf:3    | Reached XP level 21. HP: 192/217 MP: 21/21
 60325 | Elf:3    | Noticed Norris
 60340 | Elf:3    | Killed Norris
 60670 | Elf:3    | Identified the +11 morningstar of Noru {freeze, rF+ Dex+2}
 60724 | Elf:3    | Identified the +10 short sword "Ytyx Vuc" {flame, rN+}
 60742 | Elf:3    | Identified the +2 kite shield of Pragmatism {+Inv rC++
                  | Str-5 Int+2}
 60742 | Elf:3    | Found the +9 scales of the Dragon King {rPois rF+ rC+
                  | Will+}
 60819 | Elf:3    | Identified the +6 shortbow "Jellyslayer" {elec, *Corrode
                  | Will++ SInv Stlth+}
 60835 | Elf:3    | Identified the +7 dagger of the Tundras {flame, rPois rC+
                  | Dex+2}
 61435 | Depths:1 | Entered Level 1 of the Depths
 61572 | Depths:1 | Noticed a golden dragon
 61578 | Depths:1 | Killed a golden dragon
 61826 | Depths:1 | Found a magical portal.
 61831 | WizLab   | Entered Maxwell's Workshop
 61937 | WizLab   | Identified the ring of Bodily Harmony {Ice rElec Str+6}
 61938 | WizLab   | Identified the ring of the Bouncing Violins {Fire rElec rN+
                  | Str+2 Stlth-}
 61939 | WizLab   | Identified the ring of the Ikuchi {Fire Contam Will- Str+2
                  | Dex+5}
 62108 | WizLab   | Identified the +3 cloak of Cice {rN+++ Str-5 Stlth+}
 62209 | WizLab   | Identified the ring "Purr" {Fire *Slow rPois Will- Int+7}
 62213 | WizLab   | Identified the ring "Wockoff" {Ice Dex+3 Slay+2}
 62684 | Depths:1 | Identified the +11 falchion "Deullol" {protect, rF+ Int+5}
 62713 | Depths:1 | Found a gateway to Hell.
 63082 | Depths:1 | Reached XP level 22. HP: 226/226 MP: 22/22
 63214 | Depths:1 | Found a one-way gate leading to the halls of Pandemonium.
 63358 | Depths:1 | Found a glowing golden altar of the Shining One.
 63908 | Depths:2 | Found a shadowy altar of Dithmenos.
 63908 | Depths:2 | Found the +5 robe of Night {Dark Will+ SInv}
 64024 | Depths:2 | Identified the +10 shadow dragon scales of Rian {Harm rCorr
                  | Stlth++++}
 64293 | Depths:2 | Found a runed translucent door.
 64354 | Depths:2 | Noticed the Enchantress
 64363 | Depths:2 | Noticed a golden dragon
 64363 | Depths:2 | Noticed a caustic shrike
 64363 | Depths:2 | Noticed a caustic shrike
 64622 | Depths:2 | Killed the Enchantress
 64742 | Depths:2 | Found a one-way gateway to a ziggurat.
 65501 | Depths:3 | Noticed Mennas
 65514 | Depths:3 | Killed Mennas
 65602 | Depths:3 | Found a one-way gate to the infinite horrors of the Abyss.
 65635 | Depths:3 | Noticed Saint Roka
 65657 | Depths:3 | Killed Saint Roka
 65849 | Depths:3 | Found a transporter.
 66028 | Depths:3 | Found a transporter.
 66221 | Depths:3 | Noticed Xtahua
 66227 | Depths:3 | Killed Xtahua
 66443 | Depths:4 | Entered Level 4 of the Depths
 66497 | Depths:4 | Noticed Sojobo
 66511 | Depths:4 | Killed Sojobo
 66513 | Depths:4 | Reached XP level 23. HP: 83/234 MP: 23/23
 66634 | Depths:4 | Found a hide-covered altar of Uskayaw.
 66873 | Depths:4 | Reached skill level 27 in Ranged Weapons
 66896 | Depths:4 | Found a gate to the Realm of Zot.
 68280 | Vaults:5 | Entered Level 5 of the Vaults
 68428 | Vaults:5 | Identified the ring of Atesephe {rPois AC+4 Slay+5}
 68620 | Vaults:5 | Identified the +6 flail "Ydeunoaj" {flame, rF+ Str+3}
 68633 | Vaults:5 | Identified the +7 bardiche "Cirezxiy" {heavy, rC+ rCorr
                  | Dex-5}
 68645 | Vaults:5 | a shadow dragon changed into a caustic shrike
 68645 | Vaults:5 | Noticed a caustic shrike (glowing shapeshifter)
 68646 | Vaults:5 | a caustic shrike changed into a sphinx
 68746 | Vaults:5 | Reached skill level 15 in Evocations
 69054 | Vaults:5 | Reached XP level 24. HP: 185/245 MP: 23/23
 69055 | Vaults:5 | Identified the +6 mace "Pasamod" {vamp, Int+6}
 69448 | Vaults:5 | Got a silver rune of Zot
 69530 | Vaults:5 | Identified the +2 pair of boots of the Distant Future
                  | {Rampage}
 70308 | Zot:1    | Entered Level 1 of the Realm of Zot
 72006 | Zot:2    | You fall into a shaft and drop 2 floors!
 72006 | Zot:3    | Identified the "Ygeumn"
 72119 | Zot:3    | Identified the +0 plate armour of Minor Irritation {Will+
                  | SInv Stlth+}
 72241 | Zot:2    | Identified the +5 rapier "Roqihunu" {venom, rC+}
 72261 | Zot:2    | Noticed a dread lich
 72266 | Zot:2    | Noticed Parghit
 72269 | Zot:2    | Killed a dread lich
 72527 | Zot:1    | Killed Parghit
 72561 | Zot:2    | Reached skill level 27 in Fighting
 72566 | Zot:2    | Noticed an ancient lich
 72569 | Zot:2    | Killed an ancient lich
 72569 | Zot:2    | Noticed an orb of fire
 72575 | Zot:2    | Gained mutation: You are clumsy. (Dex -2) [an orb of fire]
 72577 | Zot:2    | Killed an orb of fire
 72833 | Zot:2    | Identified the +10 shortbow of Courage {drain, rElec MP+9
                  | Str+2 Stlth-}
 73160 | Zot:4    | Reached XP level 25. HP: 219/257 MP: 23/23
 73409 | Zot:5    | Entered Level 5 of the Realm of Zot
 73702 | Zot:5    | Noticed a Killer Klown
 73707 | Zot:5    | Killed a Killer Klown
 73967 | Zot:5    | Noticed a dread lich
 73976 | Zot:5    | Noticed a Killer Klown
 73978 | Zot:5    | Noticed an orb of fire
 73979 | Zot:5    | Noticed a Killer Klown
 73983 | Zot:5    | Noticed a Killer Klown
 74012 | Zot:5    | Got the Orb of Zot
 74033 | Zot:5    | Noticed Hasuegruf the pandemonium lord
 74037 | Zot:5    | Killed Hasuegruf the pandemonium lord
 74065 | Zot:5    | Noticed Bis Orax the pandemonium lord
 74096 | Zot:5    | Killed a Killer Klown
 74096 | Zot:5    | Killed Bis Orax the pandemonium lord
 74121 | Zot:3    | Found a transporter.
 74122 | Zot:3    | Noticed an ancient lich
 74126 | Zot:3    | Found a shimmering blue altar of Sif Muna.
 74142 | Zot:3    | Killed an ancient lich
 74642 | D:$      | Escaped with the Orb!

Illustrated notes

Levels and vault maps discovered:
D:1:      orjb1_clovarrival, layout_basic
D:2:      layout_loops_cross, basic_altar
D:3:      layout_basic, mainiacjoe_overflow_six_doors_small, feat_on_display,
          uniq_crazy_yiuf_cottage, uniq_terence, uniq_grinder, uniq_ijyb
D:4:      layout_loops_cross, minmay_temple_entry_offerings, serial_shops,
          nicolae_shop_back_alley_shop, shop
D:5:      layout_rooms, serial_shops, shop_fountains
D:6:      layout_basic, mainiacjoe_overflow_catwalk, yredelemnul_altar_generic,
          mainiacjoe_overflow_tiny_flanked, uniq_blork_the_orc,
          uniq_prince_ribbit1, uniq_maggie
D:7:      layout_basic, trog_three_pillars_becter, enter_bailey_2
D:8:      layout_basic, chei_slow_surprise, grunt_lair_entry_orc_guard_hut
D:9:      minmay_bloctagon, layout_basic, nicolae_qazlal_scattered_showers,
          serial_shops, shop, shop, nicolae_shop_rolling_square, shop,
          uniq_harold
D:10:     layout_big_octagon, serial_gnoll_camp, gnoll_camp_mini_doghouse,
          gnoll_camp_mini_loothouse, gnoll_camp_mini_shop, gnoll_camp_huts_moat,
          nicolae_letterblocks [nicolae_letter_subblock,
          nicolae_letter_subblock, nicolae_letter_subblock,
          nicolae_letter_subblock, nicolae_letter_subblock,
          nicolae_letter_subblock, nicolae_letter_subblock,
          nicolae_letter_subblock, nicolae_letter_subblock,
          nicolae_letter_subblock, nicolae_letter_subblock,
          nicolae_letter_subblock, nicolae_letter_subblock,
          nicolae_letter_subblock, nicolae_letter_subblock,
          nicolae_letter_subblock, nicolae_letter_subblock,
          nicolae_letter_subblock, nicolae_letter_subblock,
          nicolae_letter_subblock, nicolae_letter_subblock,
          nicolae_letter_subblock, nicolae_letter_subblock,
          nicolae_letter_subblock, nicolae_letter_subblock]
D:11:     minmay_blocky_corners, layout_loops_corners, minmay_gold_behind_fungi
D:12:     layout_layer_cave, minmay_orc_entry_temple_small, st_stairs_5,
          uniq_josephine, uniq_maurice, uniq_kirke
D:13:     gammafunk_corrupted_shrine, layout_gridville, vehumet_crystals
D:14:     layout_roguey, hellmonk_vaults_attempted_burglary
D:15:     hellmonk_depths_entry_around_the_bend, layout_gridville,
          nicolae_hexahallways, ice2_lemuel
Lair:1:   minmay_lair_oklob_chamber, layout_cave_pods,
          infiniplex_staircase_pool_2, grunt_megastairs_5, lemuel_fruit_fields,
          uniq_amaemon
Lair:2:   layout_cave_pods, elwin_shoals_entry_stream,
          minmay_snake_entry_six_corridors, special_room [special_room_bee],
          basic_altar, gammafunk_ghost_grave, beast_lair_carwin_7,
          infiniplex_staircase_pool, uniq_erica
Lair:3:   layout_regular_city, gammafunk_ghost_hive,
          nicolae_quartered_pool_medium, lemuel_fruit_tree
Lair:4:   slaughterhouse, layout_gridlike, dpeg_slime_entry_enclosed, uniq_sonja
Lair:5:   cheibrodos_lair_end_hotspot, layout_hall_layers,
          nicolae_lair_grazing_beasts [nicolae_sub_lair_graze_edge,
          nicolae_sub_lair_graze_edge, nicolae_sub_lair_graze_edge,
          nicolae_sub_lair_graze_edge]
Shoals:1: layout_shoals, serial_shops, shop, lemuel_centaur_altar, uniq_louise
Shoals:2: layout_shoals, uniq_polyphemus, uniq_ilsuiw, uniq_roxanne
Shoals:3: layout_shoals, serial_shops, nicolae_shop_overgrown_old_shop
Shoals:4: shoals_end_simple, layout_shoals, serial_shops, bzr_entry_safe,
          nicolae_shop_real_fake_doors, shop, shop
Snake:1:  layout_cave_pods, nicolae_snake_storage_room, uniq_aizul, uniq_agnes
Snake:2:  layout_concentric_octagons, basic_altar,
          nicolae_snake_serpentine_hallways, uniq_vashnia
Snake:3:  layout_chambers, gammafunk_ghost_necromancy
Snake:4:  hellmonk_snake_rune_quicksilver_temple, layout_rooms,
          beargit_elvish_explorers, grunt_megastairs_4, minmay_shop_grove
Orc:1:    layout_caves, serial_shops, nicolae_shop_gibbet_a_chance
Orc:2:    st_orc_congregation, layout_diamond_mine,
          nicolae_volcano_entry_two_sided
Elf:1:    minmay_elf_arrival_circle, layout_gridlike,
          gammafunk_ghost_tricky_traps, kennysheep_underground_church,
          lemuel_upstairs_altar, minmay_shoptagon
Elf:2:    elven_hall_of_blades_hangedman_alternative [grunt_blade_entry_basic],
          layout_loops_ring, basic_altar, serial_shops, nicolae_shop_peninsula
Elf:3:    elf_hall, layout_loops_ring, serial_shops,
          nicolae_shop_industrial_runoff, minmay_the_grid_square_5x5_3x3_mashed
          [minmay_the_grid_square_5x5_gyroscope,
          minmay_the_grid_square_5x5_checkered_statues,
          minmay_the_grid_square_5x5_fat_x,
          minmay_the_grid_square_5x5_two_small,
          minmay_the_grid_square_5x5_megaprize_hollow,
          minmay_the_grid_square_5x5_z, minmay_the_grid_square_5x5_two_walls_a,
          minmay_the_grid_square_5x5_shrine2,
          minmay_the_grid_square_5x5_dogpile], uniq_norris
Vaults:1: hangedman_vaults_locks, nicolae_vaults_three_branches,
          vaults_mumra_minichess, v_alt_pattern_6,
          nicolae_vaults_offset_grid_hallway_1, vaults_room_boxed,
          nicolae_vaults_storage_closets_2, serial_ice_m,
          nicolae_vaults_storage_room_statues, nicolae_vaults_double_plus_1,
          layout_vaults_maze_bifur, serial_shops, shop
Vaults:2: v_pattern_5, nicolae_vaults_network_s, v_misc_28,
          nicolae_vaults_tetromino_Z_2, nicolae_vaults_security_offices_6,
          nicolae_vaults_theta, vaults_room_semicircle,
          nicolae_vaults_weapon_check, nicolae_vaults_sealed_display,
          dpeg_vaults_monster_box, minmay_crypt_entry_simple_round,
          nicolae_vaults_little_squares_2, nicolae_vaults_diamond_2,
          vaults_dpeg_diagonal, vaults_dpeg_encased_lava,
          layout_vaults_chaotic_city, uniq_jory
Vaults:3: gammafunk_ghost_grave, nicolae_vaults_octothorpe,
          nicolae_vaults_ninety_degrees, v_rooms_3, v_misc_26,
          vaults_room_glass_cross, nicolae_vaults_trapezoid_lopsided_1,
          layout_vaults_omnigrid, serial_shops, shop_statue
Vaults:4: nicolae_vaults_windows_and_doors_thing, special_room_vaults
          [special_room_orc], v_alt_pattern_2, vaults_mumra_hexcomb,
          nicolae_vaults_hallways_thing, nicolae_vaults_twisting_passages,
          nicolae_vaults_apartment_1, vaults_room_stairs_pillars, v_misc_14,
          nicolae_vaults_rhombus_6, nicolae_vaults_house_2,
          ontoclasm_vaults_chip, nicolae_vaults_two_Ls,
          ontoclasm_vaults_loading_screen, nicolae_vaults_more_shelving_1,
          layout_vaults_omnicross, uniq_frederick
Vaults:5
Depths:1: hellmonk_crumbling_castle, layout_basic, hell_entry, tso_altar,
          rand_demon_pan_entry_4, mu_enter_wizlab_1,
          minmay_hollow_rounded_squares
Depths:2: regret_index_dithmenos_brocken_genspenst, layout_gridlike,
          enter_ziggurat_d, grunt_hell_entry_dis_old, rand_demon_pan_entry_8,
          minmay_misc_feat_more_columns, lightli_gold_pyramid, uniq_enchantress
Depths:3: gammafunk_dig_for_victory, layout_honeycomb, lightli_too_deep,
          hangedman_decor_diamond_cutter,
          nicolae_abyss_entry_one_way_or_another, drop_trap,
          grunt_decor_fettered, infiniplex_staircase_squiggle, uniq_xtahua,
          uniq_mennas, uniq_saint_roka, uniq_margery
Depths:4: grunt_x_marks_the_spot, layout_twisted_cross,
          abyss_entry_small_statue_room, minmay_strange_pillars,
          hangedman_tar_grid_catacomb, nicolae_uskayaw_dance_hall, uniq_sojobo,
          uniq_josephina
Zot:1:    layout_concentric_octagons
Zot:2:    hangedman_zot_vaults_quadrants, layout_onion, skrybe_zot_glass_1,
          uniq_parghit
Zot:3:    gammafunk_sealed_library, layout_onion_interference
Zot:4:    kennysheep_blocky_hall, layout_basic, st_stairs_14
Zot:5:    layout_cathedral_of_symmetry

Skill      XL: |  1  2  3  4  5  6  7  8  9 10 11 12 13 14 15 16 17 18 19 20 21 22 23 24 25 |
---------------+----------------------------------------------------------------------------+-----
Ranged Weapons | 1 2 3 5 6 8 11 12 14 16 18 20 22 24 26 27 | 27.0
Fighting       | 3 4 6 8 10 12 16 18 24 25 27 | 27.0
Dodging        | 4 7 9 11 14 15 16 19 20 | 20.6
Evocations     | 5 7 9 10 15 | 15.0
Polearms       | 3 8 |  8.0
Transmutations | 4 |  4.0
Ice Magic      | 3 6 |  6.0
Stealth        | |  0.8

Action                     |  1- 3 |  4- 6 |  7- 9 | 10-12 | 13-15 | 16-18 | 19-21 | 22-24 | 25-27 || total
---------------------------+-------+-------+-------+-------+-------+-------+-------+-------+-------++-------
  Melee: Club              |     2 |       |       |       |       |       |       |       |       ||     2
         Unarmed           |       |     5 |       |       |       |       |       |       |       ||     5
         Spear             |       |       |    99 |   300 |       |     7 |       |       |       ||   406
         Tailslap          |       |       |    20 |    43 |       |     3 |       |       |       ||    66
         Punch             |       |       |       |     5 |       |       |       |       |       ||     5
         Triple crossbow   |       |       |       |       |       |       |     3 |       |       ||     3
   Fire: Sling             |   124 |   191 |   393 |       |       |       |       |       |       ||   708
         Orcbow            |       |       |       |   637 |  2048 |  2259 |   353 |       |       ||  5297
         Arbalest          |       |       |       |       |    64 |    53 |    32 |   142 |       ||   291
         Triple crossbow   |       |       |       |       |       |       |   444 |  1115 |   133 ||  1692
         Longbow           |       |       |       |       |       |       |   821 |    25 |       ||   846
   Cast: Wereblood         |       |       |       |       |    10 |     5 |     5 |       |       ||    20
         Frozen Ramparts   |       |       |       |       |       |     3 |       |       |       ||     3
 Invoke: Potion Petition   |       |       |       |     1 |       |       |     5 |     2 |     1 ||     9
         Call Merchant     |       |       |       |       |     1 |       |     1 |       |       ||     2
         Bribe Branch      |       |       |       |       |       |       |       |       |     5 ||     5
Ability: Breathe Frost     |       |       |    23 |    27 |    41 |    35 |     7 |       |       ||   133
         Begin Untransform |       |       |       |       |       |     1 |       |       |       ||     1
  Evoke: Wand              |     4 |    13 |     6 |    10 |    20 |    23 |     6 |    16 |       ||    98
         Sack of spiders   |       |       |       |       |     1 |     3 |     1 |       |       ||     5
         Phantom mirror    |       |       |       |       |       |     2 |     1 |     2 |       ||     5
         Condenser vane    |       |       |       |       |       |     2 |       |       |       ||     2
         Phial of floods   |       |       |       |       |       |     1 |     1 |     1 |       ||     3
    Use: Potion            |     1 |     2 |     1 |     2 |     3 |     3 |     3 |     6 |       ||    21
         Scroll            |       |     2 |     7 |     5 |    12 |     9 |    11 |    14 |     1 ||    61
   Stab: Distracted        |       |       |       |     3 |       |       |       |       |       ||     3
         Invisible         |       |       |       |     1 |       |       |       |       |       ||     1
 Armour: Skin              |    39 |    98 |   295 |   309 |   350 |   458 |   258 |   405 |    53 ||  2265
  Dodge: Dodged            |    31 |    88 |   263 |   304 |   773 |  1176 |   648 |   548 |    59 ||  3890
   Form: Anaconda          |       |       |       |       |       |     1 |       |       |       ||     1

Table legend: (Time is in decaauts)
 A = Elapsed time spent in this place.
 B = Non-inter-level travel time spent in this place.
 C = Inter-level travel time spent in this place.
 D = Time resting spent in this place.
 E = Time spent auto-exploring this place.
 F = Levels seen in this place.
 G = Mean time per level.
                   A        B        C        D        E       F      G
               +--------+--------+--------+--------+--------+-----+--------+
         Total |  74448 |  67015 |   7433 |  18971 |  32451 |  50 | 1489.0 |
       Dungeon |  22613 |  19061 |   3552 |   5411 |  10257 |  15 | 1507.5 |
          Lair |  12906 |  11899 |   1007 |   5164 |   4612 |   5 | 2581.2 |
        Shoals |   4342 |   4070 |    272 |    639 |   2282 |   4 | 1085.5 |
     Snake Pit |   8623 |   8018 |    605 |   3496 |   2939 |   4 | 2155.8 |
  Orcish Mines |   2246 |   2108 |    138 |    449 |   1049 |   2 | 1123.0 |
   Elven Halls |   3385 |   3160 |    225 |    173 |   2357 |   3 | 1128.3 |
        Vaults |   8772 |   7937 |    835 |   1473 |   4263 |   5 | 1754.4 |
        Depths |   6925 |   6417 |    508 |   1216 |   3472 |   4 | 1731.2 |
           Zot |   3565 |   3277 |    288 |    848 |    989 |   5 |  713.0 |
        Bazaar |    121 |    121 |      0 |      0 |    113 |   1 |  121.0 |
        Bailey |    115 |    115 |      0 |      0 |      0 |   1 |  115.0 |
        Wizlab |    828 |    828 |      0 |     99 |    115 |   1 |  828.0 |
               +--------+--------+--------+--------+--------+-----+--------+

Top non-repeatable levels by time:
  Lair:2: 3377 daAuts
  Lair:1: 3122 daAuts
 Snake:1: 2599 daAuts
  Lair:5: 2505 daAuts
     D:9: 2359 daAuts
    D:15: 2356 daAuts
  Lair:3: 2297 daAuts
 Snake:3: 2198 daAuts
Vaults:1: 2120 daAuts
Depths:4: 2055 daAuts
Vaults:2: 2045 daAuts
Depths:2: 1970 daAuts
    D:12: 1943 daAuts
 Snake:2: 1924 daAuts
 Snake:4: 1900 daAuts
